 Dungeon Crawl Stone Soup version 0.30-b1-2-g02819fbbbe (webtiles) character file.

Game seed: 15722287017294913720

36 Armakuni the Chopper (level 3, -3/26 HPs)
             Began as a Human Wanderer on May 18, 2023.
             Slain by Terence
             ... wielding a +0 flail
              (5 damage)
             ... on level 2 of the Dungeon.
             The game lasted 00:05:07 (1401 turns).

Armakuni the Chopper (Human Wanderer)               Turns: 1401, Time: 00:05:07

Health: -3/26      AC:  7    Str: 15    XL:     3   Next: 57%
Magic:  4/4        EV: 10    Int: 13    God:
Gold:   130        SH:  0    Dex: 10    Spells: 3/4 levels left

rFire   . . .        a - +0 hand axe
rCold   . . .        (no shield)
rNeg    . . .        b - +0 ring mail
rPois   .            e - +0 helmet
rElec   .            (no cloak)
rCorr   .            d - +0 pair of gloves
SInv    .            (no boots)
Will    .....        (no amulet)
Stlth   +            (no ring)
HPRegen 0.24/turn    (no ring)
MPRegen 0.09/turn

%: no passive effects
@: no status effects
A: no striking features
a: no special abilities


You were on level 2 of the Dungeon.
You visited 1 branch of the dungeon, and saw 2 of its levels.

You collected 130 gold pieces.

Inventory:

Hand Weapons
 a - a +0 hand axe (weapon)
Armour
 b - a +0 ring mail (worn)
 d - a +0 pair of gloves (worn)
 e - a +0 helmet (worn)
Potions
 g - 3 potions of curing


   Skills:
 - Level 1.0 Fighting
 + Level 3.7 Axes
 - Level 1.0 Armour
 - Level 2.0 Stealth
 - Level 1.0 Spellcasting
 - Level 3.0 Conjurations


You had 3 spell levels left.
You knew the following spells:

 Your Spells              Type           Power      Damage    Failure   Level
z - Foxfire               Conj/Fire      16%        2x1d4     30%         1

Your spell library contained the following spells:

 Spells                   Type           Power      Damage    Failure   Level
 Shock                    Conj/Air       16%        1d4       30%         1
 Cigotuvi's Dreadful Rot  Necr/Pois/Air  0%         N/A       63%         2
 Lesser Beckoning         Tloc           0%         N/A       63%         2
 Gell's Gravitas          Tloc           0%         N/A       86%         3
 Ignite Poison            Fire/Tmut/Pois 0%         N/A       86%         3
 Teleport Other           Tloc           0%         N/A       86%         3
 Fulminant Prism          Conj/Hex       2%         3d5       96%         4
 Freezing Cloud           Conj/Ice/Air   1%         6-21      100%        5
 Malign Gateway           Summ/Tloc      0%         N/A       100%        7
 Summon Horrible Things   Summ           0%         N/A       100%        8


Dungeon Overview and Level Annotations

Branches:
Dungeon (2/15)

Altars:

Annotations:
D:2 Terence


Message History

Terence barely misses you. Terence hits you with a +0 flail!
You hit Terence but do no damage.
Terence is lightly wounded.
Terence misses you.
You closely miss Terence.
Terence is lightly wounded.
Terence hits you with a +0 flail.
You slash Terence!
Terence is heavily wounded.
Terence hits you but does no damage.
You hit Terence but do no damage.
Terence is heavily wounded.
Terence hits you with a +0 flail!
You closely miss Terence.
Terence is heavily wounded.
Terence looks scornfully at you. Terence hits you but does no damage.
You hit Terence.
Terence is severely wounded.
Terence closely misses you.
You closely miss Terence.
Terence is severely wounded.
Terence barely misses you.
You barely miss Terence.
Terence is severely wounded.
Terence misses you.
You hit Terence but do no damage.
Terence is severely wounded.
Terence hits you with a +0 flail.
* * * LOW HITPOINT WARNING * * *
Terence hits you but does no damage.
You barely miss Terence.
Terence is severely wounded.
Terence hits you with a +0 flail.
* * * LOW HITPOINT WARNING * * *
You hit Terence.
Terence is almost dead.
Terence shouts, "Now you die!" Terence hits you with a +0 flail.
You die...

#.#...............
#.#.#########.....
#.#.# #..... #.#.#
##.### #.#.# #.#
#.#.##########.#
#.#............#
#@##############
#@# ###


You could see Terence.

Vanquished Creatures
  An adder (D:2)
  4 ball pythons
  3 endoplasms
  A giant cockroach (D:1)
  4 hobgoblins
  A kobold (D:1)
  3 bats (D:1)
  A frilled lizard (D:1)
  2 goblins
  7 rats
27 creatures vanquished.

Vanquished Creatures (others)
  16 foxfires
16 creatures vanquished.

Grand Total: 43 creatures vanquished

Notes
Turn   | Place    | Note
-------+----------+-------------------------------------------
     0 | D:1      | Armakuni the Human Wanderer began the quest for the Orb.
     0 | D:1      | Armakuni set off with the following items: a +0 hand axe, a
                  | +0 ring mail, a potion of attraction; and the following
                  | spells available to memorise: Foxfire, Shock, Fulminant
                  | Prism.
     0 | D:1      | Reached XP level 1. HP: 15/15 MP: 2/2
     6 | D:1      | Learned a level 1 spell: Foxfire
   309 | D:1      | Reached XP level 2. HP: 21/21 MP: 3/3
   344 | D:1      | You fall into a shaft and drop 1 floor!
   380 | D:2      | Noticed Terence
   813 | D:2      | Reached XP level 3. HP: 22/26 MP: 4/4
   937 | D:2      | Identified the +8 spear of Cosafri {venom, *Corrode rC+
                  | rN+++ Stlth+}
  1401 | D:2      | Slain by Terence

Illustrated notes

Levels and vault maps discovered:
D:1:      spicycebolla_arrival_ecumenical, layout_loops_cross,
          chequers_serial_rivers_micro_b
D:2:      layout_basic, uniq_terence

Skill      XL: |  1  2 |
---------------+-------+-----
Axes           | 3 |  3.7
Fighting       | |  1.0
Armour         | |  1.0
Stealth        | |  2.0
Spellcasting   | |  1.0
Conjurations   | |  3.0

Action                     || total
---------------------------++-------
  Melee: Hand axe          ||    80
   Cast: Foxfire           ||    10
    Use: Scroll            ||     4
         Potion            ||     3
   Stab: Sleeping          ||     2
 Armour: Ring mail         ||    24
  Dodge: Dodged            ||    43
